AoeStats
← devellabs

Lombardia

509196974Analyzed
2v2 RM · 8d ago on Sep 25, 2026· 34m 41s· 4 players
Game mode
Random Map
Map size
Medium (4 player)
Population
200
Speed
Normal
Resources
Standard
Victory
Conquest
Starting age
Dark Age
Ending age
Imperial Age
RankedLock teamsTeams togetherTeam positionsShared explorationLock speedFull tech treeHidden civsTurbo modeCheats
Victory
Defeat
🇦🇷 Mongols · Argentina
1236
+14
🇦🇷 Persians · Argentina
1231
+14
🇨🇦 Japanese · Canada
1217
-15
🇵🇪 Malians · Peru
1170
-13
Addicted8763
0:57 Loom
10:19 Feudal Age
12:28 Man-at-Arms
16:38 Double-Bit Axe
19:27 Castle Age
17:11 Horse Collar
18:55 Wheelbarrow
19:28 Fletching
19:38 Padded Archer Armor
20:42 Elite Skirmisher
26:50 Bodkin Arrow
27:57 Bow Saw
30:09 Leather Archer Armor
30:13 Bloodlines
31:41 Thumb Ring
32:51 Hand Cart
32:37 Pikeman
33:04 Gambesons
34:30 Gold Mining
34:49 Heavy Plow
llspritell
0:30 Loom
10:20 Feudal Age
11:21 Double-Bit Axe
20:21 Castle Age
22:10 Elite Skirmisher
23:06 Scale Mail Armor
24:24 Forging
28:20 Chain Mail Armor
27:58 Fletching
28:35 Squires
28:21 Arson
31:20 Padded Archer Armor
31:02 Pikeman
33:11 Ballistics
c_Roi
5:09 Loom
10:32 Feudal Age
15:46 Castle Age
14:34 Double-Bit Axe
16:32 Horse Collar
18:24 Fletching
22:07 Heavy Plow
23:26 Wheelbarrow
23:52 Bow Saw
25:13 Bodkin Arrow
25:21 Padded Archer Armor
26:41 Ballistics
28:17 Gold Mining
29:23 Bloodlines
29:15 Husbandry
29:59 Gold Shaft Mining
34:03 Imperial Age
31:44 Stone Mining
33:09 Thumb Ring
33:22 Leather Archer Armor
34:10 Masonry
34:19 Elite Mangudai
devellabs
3:29 Loom
10:49 Feudal Age
11:14 Double-Bit Axe
19:23 Castle Age
19:15 Horse Collar
19:31 Stone Mining
20:17 Heavy Plow
22:27 Bloodlines
24:55 Husbandry
27:08 Scale Barding Armor
27:32 Bow Saw
28:59 Gold Mining
32:32 Imperial Age
30:19 Forging
31:02 Chain Barding Armor
32:00 Gold Shaft Mining
33:18 Iron Casting
32:34 Cavalier
34:24 Wheelbarrow
34:26 Plate Barding Armor
36:07 Blast Furnace
Connection lost

Rejoining the realm…

Still unreachable

The connection could not be restored.

Session expired

The server has moved on; the page needs a fresh start.